 Dungeon Crawl Stone Soup version 0.30-a0-568-g124715a40b (webtiles) character file.

Game seed: 16225554487458267010

74889 billz999 the Skirmisher (level 15, -23/116 HPs)
             Began as a Djinni Ice Elementalist on Dec 29, 2022.
             Was the Champion of Makhleb.
             Annihilated by a very large slime creature (58 damage)
             ... on level 12 of the Dungeon.
             The game lasted 01:10:52 (20660 turns).

billz999 the Skirmisher (Djinni Ice Elementalist)  Turns: 20660, Time: 01:10:53

Health: -23/116    AC: 16    Str: 19    XL:     15   Next: 96%
Gold:   1986       EV: 16    Int: 34    God:    Makhleb [******] SH:  0 Dex: 22

rFire   + + +      SeeInvis .    i - +8 sling of Scorn {elec, rElec rCorr Str+4}
rCold   . . .      Faith    +    (no shield)
rNeg    . . .      Spirit   .    N - +6 scale mail of Impressiveness {rF++ Str+7}
rPois   ∞          Reflect  .    h - +0 helmet
rElec   +          Harm     .    g - scarf {rC+ rF+}
rCorr   +          Rampage  .    A - +2 pair of gloves
Will    ++...                    (boots unavailable)
Stlth   +                        c - amulet of Noon {Faith rPois Dex+5}
HPRegen 0.39/turn                P - ring "Kehovif" {rPois Str+6 Int+3 Dex+2}
MPRegen 0.00/turn                C - ring of the Curious Xenops {rPois Will+ Str-5 Int+8}

@: flying
A: sickness immunity, fire resistance 2, cold vulnerability 1, float, innate
caster, HP casting, extra vitality 1
a: Renounce Religion, Minor Destruction, Lesser Servant of Makhleb, Major
Destruction, Greater Servant of Makhleb


You were on level 12 of the Dungeon.
You worshipped Makhleb.
Makhleb was exalted by your worship.
You visited 4 branches of the dungeon, and saw 20 of its levels.

You collected 2061 gold pieces.
You spent 75 gold pieces at shops.

Inventory:

Hand Weapons
 i - the +8 sling of Scorn (weapon) {elec, rElec rCorr Str+4}
   (You found it on level 3 of the Lair of Beasts)

   Any ammunition fired from it occasionally discharges a powerful burst of
   electricity upon striking a foe.
   Str:       It affects your strength (+4).
   rElec:     It insulates you from electricity.
   rCorr:     It protects you from acid and corrosion.
 M - the +7 rapier "Goblinbane" {protect, Str+4}
   (You found it on level 1 of the Lair of Beasts)

   It grants its wielder temporary protection when it strikes (+7 to AC).
   Str:       It affects your strength (+4).
Missiles
 G - 2 throwing nets
Armour
 e - the +5 robe of Misfortune {Harm *Corrode *Slow EV+5}
   (You found it on level 2 of the Lair of Beasts)

   EV:        It affects your evasion (+5).
   *Corrode:  It may corrode you when you take damage.
   *Slow:     It may slow you when you take damage.
   Harm:      It increases damage dealt and taken.
 f - a +1 cloak
 g - a scarf of resistance (worn)
 h - a +0 helmet (worn)
 A - a +2 pair of gloves (worn)
 N - the +6 scale mail of Impressiveness (worn) {rF++ Str+7}
   (You found it on level 1 of the Lair of Beasts)

   Str:       It affects your strength (+7).
   rF:        It greatly protects you from fire.
Jewellery
 c - the amulet of Noon (around neck) {Faith rPois Dex+5}
   (You found it on level 4 of the Lair of Beasts)

   [amulet of faith]

   It allows you to gain divine favour quickly.
   Dex:       It affects your dexterity (+5).
   rPois:     It protects you from poison.
 m - an amulet of regeneration
 n - a ring of fire
 u - a ring of wizardry
 C - the ring of the Curious Xenops (right hand) {rPois Will+ Str-5 Int+8}
   (You found it on level 5 of the Dungeon)

   [ring of poison resistance]

   Str:       It affects your strength (-5).
   Int:       It affects your intelligence (+8).
   rPois:     It protects you from poison.
   Will:      It increases your willpower.
 J - a +6 ring of dexterity
 O - a ring of fire
 P - the ring "Kehovif" (left hand) {rPois Str+6 Int+3 Dex+2}
   (You found it on level 4 of the Lair of Beasts)

   [ring of strength]

   Str:       It affects your strength (+6).
   Int:       It affects your intelligence (+3).
   Dex:       It affects your dexterity (+2).
   rPois:     It protects you from poison.
Wands
 a - a wand of paralysis (9)
 w - a wand of mindburst (16)
 I - a wand of digging (4)
 K - a wand of polymorph (2)
 L - a wand of flame (15)
 R - a wand of iceblast (4)
Scrolls
 r - 9 scrolls of teleportation
 s - a scroll of fog
 v - 2 scrolls of identify
 E - 3 scrolls of magic mapping
 H - a scroll of noise
Potions
 b - a potion of magic
 d - 5 potions of lignification {unknown}
 k - 5 potions of brilliance
 l - 2 potions of mutation {unknown}
 o - 4 potions of berserk rage
 p - 5 potions of degeneration {unknown}
 q - 5 potions of cancellation {unknown}
 t - 13 potions of curing
 z - 3 potions of might {unknown}
 B - 3 potions of haste {unknown}
 D - 5 potions of flight {unknown}
 F - 5 potions of ambrosia {unknown}
 Q - a potion of attraction {unknown}
Miscellaneous
 x - a lightning rod (2/4)


   Skills:
 + Level 13.8 Fighting
 - Level 7.2 Short Blades
 - Level 14.0 Ranged Weapons
 - Level 10.0 Dodging
 - Level 2.2 Stealth
 - Level 10.0 Spellcasting


You couldn't memorise any spells.
You knew the following spells:

 Your Spells              Type           Power      Damage    Failure   Level
a - Freeze                Ice            100%       1d10      1%          1
b - Frozen Ramparts       Ice            100%       1d16      1%          3
c - Ozocubu's Armour      Ice            71%        N/A       1%          3
d - Summon Ice Beast      Ice/Summ       71%        N/A       1%          4
e - Foxfire               Conj/Fire      100%       2x1d9     1%          1
f - Static Discharge      Conj/Air       100%       2-7/arc   1%          2
g - Ensorcelled Hibernat  Hex/Ice        100%       N/A       1%          2
h - Dazzling Flash        Conj/Hex       100%       N/A       1%          3
i - Metabolic Englaciati  Hex/Ice        35%        N/A       3%          5
j - Alistair's Intoxicat  Tmut/Pois      47%        N/A       3%          5
k - Death Channel         Necr           35%        N/A       22%         6
Your spell library was empty.

Dungeon Overview and Level Annotations

Branches:
Dungeon (12/15)            Temple (1/1) D:6            Lair (5/5) D:10
 Shoals (0/4) Lair:2        Snake (0/4) Lair:3        Slime (0/5) Lair:4
    Orc (2/2) D:9             Elf (0/3) Orc:2

Altars:
Ashenzari
Cheibriados
Dithmenos
Elyvilon
Fedhas
Gozag
Hepliaklqana
Makhleb
Nemelex Xobeh
Okawaru
Qazlal
Ru
Trog
Uskayaw
Wu Jian
Xom
Yredelemnul
Zin
The Shining One
Jiyva

Shops:
Orc:2 !=***

Portals:
Trove: D:11 (give 7 scrolls of blinking)


Innate Abilities, Weirdness & Mutations

You are immune to sickness and miasma.
You are immune to poison.
Your flesh is very heat resistant. (rF++)
You are vulnerable to cold. (rC-)
You float through the air rather than walking.
You learn spells naturally, not from books.
Your magical power is your life essence.
You have superior vitality. (+4 MHP)


Message History

Rupert is struck by an arc of lightning.
Rupert is almost dead.
The very large slime creature is struck by an arc of lightning!
The very large slime creature is moderately wounded.
The lightning grounds out.
Rupert hits you with a +4 triple sword of holy wrath!!
* * * LOW HITPOINT WARNING * * *
You feel much better.
The very large slime creature is no longer moving slowly.
Rupert hits you with a +4 triple sword of holy wrath!!
* * * LOW HITPOINT WARNING * * *
Rupert hits you with a +4 triple sword of holy wrath!
* * * LOW HITPOINT WARNING * * *
You feel much better.
Rupert hits you with a +4 triple sword of holy wrath!
* * * LOW HITPOINT WARNING * * *
Aiming: Thunderbolt
Press: ? - help, Shift-Dir - straight line, f/p - Rupert
Aim: Rupert, wielding a +4 triple sword of holy wrath and wearing a +0 leather armour (almost dead, berserk)
The thunderbolt hits the very large slime creature!
The very large slime creature is heavily wounded.
The thunderbolt hits Rupert!
You kill Rupert!
Makhleb accepts your kill.
Okay, then.
You feel much better. The very large slime creature hits you!
* * * LOW HITPOINT WARNING * * *
The very large slime creature attacks as you move away!
The very large slime creature misses you.
The very large slime creature attacks as you move away!
The very large slime creature barely misses you.
The very large slime creature attacks as you move away!
The very large slime creature hits you but does no damage.
A four-headed hydra comes into view.
The very large slime creature attacks as you move away!
The very large slime creature closely misses you.
The very large slime creature attacks as you move away!
The very large slime creature hits you!!!
Ouch! That really hurt!
You die...

#.#
#............ .
#.#
#.#..##.....# .
#.#
#.#..#..###. .
#.# #.#... .
#.## #.##...
#..# #.###...
##.####...?.
#...##..# ..
###J@...# #..
#..##.# #.#
#.....###.##
#.##.......#
#D###..##.#####
..# ##..#.# ..
...# ##...##.#
....# ###..#.#
#.... #.....#


You could see a four-headed hydra (wandering) and a very large slime creature.

Vanquished Creatures
  Rupert (D:12)
  2 dire elephants (Lair:5)
  3 ogre magi (Orc:2)
  3 hydras
  A catoblepas (Lair:5)
  A boulder beetle (Lair:3)
  A centaur warrior (D:11)
  16 two-headed ogres
  Erica (D:10)
  3 death yaks (Lair:5)
  2 lindwurms (Lair:5)
  An orc knight (Orc:1)
  3 oklob plants (Lair:4)
  3 manticores
  3 merfolk sirens (Lair:2)
  3 elephants (Lair:3)
  5 black mambas
  3 torpor snails (Lair:3)
  15 cane toads
  A kobold demonologist (D:11)
  6 rime drakes
  9 komodo dragons
  2 polar bears
  2 trolls
  3 slime creatures (D:12)
  8 blink frogs
  9 dream sheep
  4 shadows
  A vampire (D:10)
  2 wyverns
  A spriggan (Lair:3)
  40 yaks
  4 basilisks
  2 vampire mosquitoes (D:11)
  6 nagas (Lair:3)
  An acid dragon (D:12)
  13 water moccasins
  A warg (Orc:2)
  A black bear (D:7)
  3 ice beasts
  15 ogres
  17 orc warriors
  11 wolves
  2 centaurs
  3 phantoms
  3 kobold brigands (D:11)
  16 bullfrogs
  A necrophage (D:6)
  A gnoll sergeant (D:5)
  A scorpion (D:4)
  8 wights
  10 killer bees
  4 electric eels
  6 howler monkeys
  A jelly (D:7)
  A hound (D:7)
  16 orc priests
  4 gnoll boudas
  5 hell rats
  6 iguanas
  Natasha (thrice) (D:2)
  22 orc wizards
  4 ogre zombies (D:9)
  18 gnolls
  6 adders
  6 river rats (Lair:1)
  A shadow imp (D:7)
  2 ufetubi
  A worm (D:3)
  A dart slug (D:3)
  67 orcs
  5 bats
  12 endoplasms
  5 giant cockroaches
  9 goblins
  12 hobgoblins
  5 jackals
  4 kobolds
  4 quokkas (D:3)
  3 ball pythons
  5 frilled lizards
  2 goblin skeletons (D:9)
  3 goblin zombies (D:9)
  A hobgoblin skeleton (D:9)
  A hobgoblin zombie (D:9)
  4 orc skeletons (D:9)
  8 orc zombies (D:9)
  18 rats
552 creatures vanquished.

Vanquished Creatures (collateral kills)
  An orc warlord (Orc:2)
  An ogre mage (Orc:2)
  A hydra (Lair:4)
  A catoblepas (Lair:5)
  6 two-headed ogres (Orc:2)
  2 death yaks (Lair:5)
  Urug (Lair:3)
  Nergalle (D:11)
  A merfolk siren (Lair:2)
  A cane toad (Lair:4)
  A kobold demonologist (D:11)
  A rime drake (Lair:3)
  4 komodo dragons
  A hornet (D:6)
  2 blink frogs (Lair:3)
  12 yaks
  A warg (Orc:1)
  6 orc warriors
  A wolf (Lair:2)
  12 ogres
  A bullfrog (D:9)
  A scorpion (D:6)
  A wight (D:9)
  A troll zombie (D:9)
  A howler monkey (D:12)
  2 orc priests (Orc:1)
  A jelly (D:6)
  A hell rat (Lair:1)
  5 orc wizards
  An ogre zombie (D:9)
  4 gnolls
  3 river rats (Lair:1)
  16 orcs
  3 foxfires
98 creatures vanquished.

Vanquished Creatures (others)
  An orc (Orc:2)
  1168 foxfires
  11 fungi
  58 plants
1238 creatures vanquished.

Grand Total: 1888 creatures vanquished

Notes
Turn   | Place    | Note
-------+----------+-------------------------------------------
     0 | D:1      | billz999 the Djinni Ice Elementalist began the quest for
                  | the Orb.
     0 | D:1      | billz999 set off with the following spells memorised:
                  | Freeze, Frozen Ramparts, Ozocubu's Armour, Summon Ice
                  | Beast.
     0 | D:1      | Reached XP level 1. HP: 15/15 MP: 0/0
    95 | D:1      | Reached XP level 2. HP: 17/21 MP: 0/0
   276 | D:1      | Reached XP level 3. HP: 18/25 MP: 0/0
   276 | D:1      | Learned a level 1 spell: Foxfire
   786 | D:2      | Noticed Natasha
   794 | D:2      | Killed Natasha
   795 | D:2      | Reached XP level 4. HP: 28/31 MP: 0/0
   879 | D:2      | Noticed Natasha
   900 | D:2      | Killed Natasha
   993 | D:2      | Noticed Natasha
   998 | D:2      | Reached XP level 5. HP: 33/35 MP: 0/0
   998 | D:2      | Learned a level 2 spell: Static Discharge
  1001 | D:2      | Killed Natasha
  1440 | D:3      | Reached XP level 6. HP: 37/40 MP: 0/0
  1442 | D:3      | Reached skill level 5 in Spellcasting
  1697 | D:3      | Found a sparkling altar of Nemelex Xobeh.
  1836 | D:3      | Found a faded altar of an unknown god.
  1909 | D:3      | Found a glowing golden altar of the Shining One.
  2003 | D:4      | Reached XP level 7. HP: 43/45 MP: 0/0
  2003 | D:4      | Learned a level 2 spell: Ensorcelled Hibernation
  2665 | D:5      | Entered Level 5 of the Dungeon
  2742 | D:5      | Found a broken altar of Ashenzari.
  2758 | D:5      | Reached skill level 1 in Fighting
  3037 | D:5      | Identified the ring of the Curious Xenops {rPois Will+
                  | Str-5 Int+8}
  3111 | D:5      | Reached XP level 8. HP: 48/58 MP: 0/0
  3284 | D:5      | Found a shadowy altar of Dithmenos.
  3617 | D:6      | Reached skill level 5 in Fighting
  3693 | D:6      | Found a sacrificial altar of Ru.
  3823 | D:6      | Found a staircase to the Ecumenical Temple.
  3830 | Temple   | Entered the Ecumenical Temple
  3874 | Temple   | Became a worshipper of Makhleb the Destroyer
  3920 | D:6      | Noticed a hornet
  3934 | D:6      | Killed a hornet
  3936 | D:6      | Reached XP level 9. HP: 59/68 MP: 0/0
  3936 | D:6      | Learned a level 3 spell: Dazzling Flash
  4833 | D:7      | Reached * piety under Makhleb
  5213 | D:7      | Reached XP level 10. HP: 71/75 MP: 0/0
  5975 | D:8      | Reached ** piety under Makhleb
  6150 | D:8      | Reached skill level 10 in Spellcasting
  6649 | D:9      | Noticed a two-headed ogre
  6657 | D:9      | Killed a two-headed ogre
  6714 | D:9      | Found a basalt altar of Yredelemnul.
  6754 | D:9      | Reached XP level 11. HP: 28/84 MP: 0/0
  6754 | D:9      | Learned a level 5 spell: Metabolic Englaciation
  7019 | D:9      | Noticed a two-headed ogre
  7024 | D:9      | Reached skill level 10 in Fighting
  7032 | D:9      | Killed a two-headed ogre
  7066 | D:9      | Reached *** piety under Makhleb
  7229 | D:9      | Found a staircase to the Orcish Mines.
  7559 | D:9      | Noticed a two-headed ogre
  7574 | D:9      | Killed a two-headed ogre
  7750 | D:10     | Entered Level 10 of the Dungeon
  8030 | D:10     | Reached skill level 1 in Ranged Weapons
  8120 | D:10     | Noticed Erica
  8129 | D:10     | Killed Erica
  8130 | D:10     | Reached skill level 2 in Ranged Weapons
  8188 | D:10     | Found a stormy altar of Qazlal.
  8189 | D:10     | Found an opulent altar of Gozag.
  8253 | D:10     | Reached skill level 3 in Ranged Weapons
  8256 | D:10     | Reached **** piety under Makhleb
  8340 | D:10     | Reached XP level 12. HP: 92/96 MP: 0/0
  8371 | D:10     | Reached skill level 4 in Ranged Weapons
  8376 | D:10     | Found a staircase to the Lair.
  8659 | D:11     | Noticed a two-headed ogre
  8691 | D:11     | Noticed a centaur warrior
  8699 | D:11     | Killed a centaur warrior
  8700 | D:11     | Reached skill level 5 in Ranged Weapons
  8875 | D:11     | Noticed Nergalle
  8884 | D:11     | Killed Nergalle
  9016 | D:11     | Killed a two-headed ogre
  9017 | D:11     | Reached skill level 6 in Ranged Weapons
  9278 | D:11     | Reached skill level 7 in Ranged Weapons
  9313 | D:11     | Found a portal to a secret trove of treasure.
  9767 | Lair:1   | Entered Level 1 of the Lair of Beasts
  9790 | Lair:1   | Reached skill level 8 in Ranged Weapons
  9803 | Lair:1   | Identified the +6 scale mail of Impressiveness {rF++ Str+7}
  9906 | Lair:1   | Reached ***** piety under Makhleb
 10015 | Lair:1   | Identified the +7 rapier "Goblinbane" {protect, Str+4}
 10035 | Lair:1   | Reached skill level 9 in Ranged Weapons
 10074 | Lair:1   | Reached XP level 13. HP: 102/102 MP: 0/0
 10074 | Lair:1   | Learned a level 5 spell: Alistair's Intoxication
 10594 | Lair:2   | Reached skill level 1 in Short Blades
 10793 | Lair:2   | Found a staircase to the Shoals.
 10950 | Lair:2   | Reached skill level 5 in Short Blades
 11053 | Lair:2   | Found the +5 robe of Misfortune {Harm *Corrode *Slow EV+5}
 11659 | Lair:3   | Identified the +8 sling of Scorn {elec, rElec rCorr Str+4}
 11941 | Lair:3   | Noticed Urug
 11952 | Lair:3   | Killed Urug
 11966 | Lair:3   | Found a bloodstained altar of Trog.
 12175 | Lair:3   | Found a staircase to the Snake Pit.
 12281 | Lair:3   | Reached skill level 10 in Ranged Weapons
 12310 | Lair:3   | Reached skill level 5 in Dodging
 12543 | Lair:4   | Noticed a five-headed hydra
 12690 | Lair:3   | Found a bloodstained altar of Trog.
 12784 | Lair:3   | Found a staircase to the Snake Pit.
 12975 | Lair:3   | Reached XP level 14. HP: 108/108 MP: 0/0
 13671 | Lair:4   | Identified the amulet of Noon {Faith rPois Dex+5}
 13693 | Lair:4   | Identified the ring "Kehovif" {rPois Str+6 Int+3 Dex+2}
 13935 | Lair:4   | Reached ****** piety under Makhleb
 13994 | Lair:4   | Reached skill level 11 in Ranged Weapons
 14264 | Lair:4   | Identified the +10 whip of the Healing Boar {heavy, rF++
                  | Dex+3}
 14429 | Lair:4   | Found a viscous altar of Jiyva.
 14450 | Lair:4   | Found a staircase to the Slime Pits.
 14695 | Lair:5   | Entered Level 5 of the Lair of Beasts
 15635 | Lair:5   | Noticed a dire elephant
 16269 | Lair:5   | Killed a dire elephant
 16428 | Lair:5   | Reached skill level 10 in Dodging
 16505 | Lair:5   | Reached skill level 12 in Ranged Weapons
 16518 | Lair:5   | Reached XP level 15. HP: 89/113 MP: 0/0
 16518 | Lair:5   | Learned a level 6 spell: Death Channel
 17084 | Orc:1    | Entered Level 1 of the Orcish Mines
 17681 | Orc:2    | Entered Level 2 of the Orcish Mines
 17810 | Orc:2    | Found Gyrhoth's Distillery.
 17916 | Orc:2    | Reached skill level 13 in Ranged Weapons
 18224 | Orc:2    | Found a staircase to the Elven Halls.
 18521 | Orc:2    | Noticed an orc warlord
 18679 | Orc:2    | Reached skill level 14 in Ranged Weapons
 19556 | Orc:2    | Killed an orc warlord
 19732 | Orc:2    | Found Gobot's Jewellery Boutique.
 19732 | Orc:2    | Found Soqiem's Assorted Antiques.
 19732 | Orc:2    | Found Ere Caib's General Store.
 19732 | Orc:2    | Found Toygajiu's Assorted Antiques.
 19749 | Orc:2    | Bought a potion of heal wounds for 75 gold pieces
 20601 | D:12     | Noticed Rupert
 20648 | D:12     | Killed Rupert
 20660 | D:12     | Annihilated by a very large slime creature

Illustrated notes

Levels and vault maps discovered:
D:1:      heliophobic_arrival_enchanted_forest, layout_rooms
D:2:      layout_rooms, minivault_26, minmay_rat_gold_closets, uniq_natasha
D:3:      layout_basic, mainiacjoe_overflow_alcove_4,
          mainiacjoe_overflow_catwalk, basic_ecumenical_altar,
          minmay_increasing_density
D:4:      layout_basic, nicolae_kikubaaqudgha_miasma_corner,
          serial_corexii_hall, chequers_hall_statues_y, corexii_hall_statues_l,
          corexii_hall_statues_t, chequers_hall_statues_wall_a,
          corexii_hall_statues_x, corexii_hall_statues_x, minivault_5
D:5:      layout_basic, lemuel_round_altar, old_standard_altar, serial_glass,
          glass_columns_c, glass_columns_a, glass_columns_a, glass_columns_a,
          glass_columns_b, glass_columns_a, glass_columns_a, glass_columns_a
D:6:      layout_loops_ring, kennysheep_mini_moat,
          minmay_temple_entry_junction_2, minmay_liquid_box,
          hangedman_abyss_or_decor_stagger, amcnicky_mini_pool_small,
          grunt_ministairs_7
D:7:      minmay_s_stair_smasher, layout_loops_ring, hangedman_decor_opposing
D:8:      nicolae_BIG_FREAKIN_CUBE, layout_loops_cross,
          minmay_misc_feat_enclosed, dreamdust_gnoll_shepherd
D:9:      layout_irregular_city, mainiacjoe_overflow_boulevard,
          zombieorc1_lemuel, nicolae_underground_beach
D:10:     layout_irregular_city, nicolae_overflow_squiral, david_lair_shrubbed,
          serial_column_ruins, column_ruins_hut_ruined, column_ruins_open_tiny,
          column_ruins_columns_corner, column_ruins_open_tiny,
          column_ruins_columns_straight, column_ruins_open_medium_water,
          column_ruins_columns_corner, column_ruins_columns_plus, uniq_erica
D:11:     layout_roguey, nicolae_trove_entry_diagonal, uniq_nergalle
D:12:     layout_basic, uniq_rupert, uniq_snorg
Temple:   nicolae_temple_god_jail
Lair:1:   layout_big_grid, kennysheep_rathole
Lair:2:   layout_gridlike, elwin_shoals_entry_stream, serial_bayou_shore_a
Lair:3:   layout_cave_pods, minmay_snake_entry_guardpost_medium, basic_altar,
          grunt_forest_large_clearing_hut, uniq_urug
Lair:4:   layout_hall_layers, minmay_slime_entry_oklob_enclosed,
          serial_bayou_crossing
Lair:5:   hangedman_lair_in_review, layout_cave_pods
Orc:1:    layout_caves, mines1_david
Orc:2:    st_orc_ogre_mass, layout_diamond_mine, serial_shops, shop,
          minmay_orc_keep

Skill      XL: |  1  2  3  4  5  6  7  8  9 10 11 12 13 14 15 |
---------------+----------------------------------------------+-----
Stealth        | 2 |  2.2
Spellcasting   | 4 5 6 8 10 | 10.0
Fighting       | 4 7 9 12 13 | 13.8
Ranged Weapons | 3 9 10 12 14 | 14.0
Short Blades   | 7 |  7.2
Dodging        | 5 10 | 10.0

Action                   |  1- 3 |  4- 6 |  7- 9 | 10-12 | 13-15 || total
-------------------------+-------+-------+-------+-------+-------++-------
Melee: Rapier            |       |       |       |       |     4 ||     4
 Fire: Sling             |    14 |    70 |     9 |    13 |   406 ||   512
       Arbalest          |       |       |       |    12 |    21 ||    33
 Cast: Freeze            |    41 |    45 |    41 |   146 |   162 ||   435
       Frozen Ramparts   |       |    11 |    26 |    61 |    87 ||   185
       Static Discharge  |       |     6 |     2 |     8 |    81 ||    97
       Foxfire           |       |    36 |   103 |   307 |   261 ||   707
       Summon Ice Beast  |       |       |    16 |    37 |    57 ||   110
       Dazzling Flash    |       |       |       |     5 |     5 ||    10
       Ozocubu's Armour  |       |       |       |     3 |     1 ||     4
       Metabolic Englaci |       |       |       |     2 |    39 ||    41
       Death Channel     |       |       |       |       |    11 ||    11
Evoke: Wand              |       |       |       |     3 |    14 ||    17
       Lightning rod     |       |       |       |     1 |     3 ||     4
  Use: Scroll            |       |     3 |     8 |     6 |     7 ||    24
       Potion            |       |       |       |       |    10 ||    10
Armor: Robe              |     9 |    10 |     6 |    50 |     4 ||    79
       Scale mail        |       |       |       |       |   121 ||   121
Dodge: Dodged            |    20 |    30 |    29 |   113 |   261 ||   453

Table legend: (Time is in decaauts)
 A = Elapsed time spent in this place.
 B = Non-inter-level travel time spent in this place.
 C = Inter-level travel time spent in this place.
 D = Time resting spent in this place.
 E = Time spent auto-exploring this place.
 F = Levels seen in this place.
 G = Mean time per level.
                   A        B        C        D        E       F      G
               +--------+--------+--------+--------+--------+-----+--------+
         Total |  20719 |  19456 |   1263 |   2259 |  13426 |  20 | 1035.9 |
       Dungeon |  10099 |   9299 |    800 |    830 |   6605 |  12 |  841.6 |
        Temple |     62 |     40 |     22 |      0 |     28 |   1 |   62.0 |
          Lair |   7274 |   6991 |    283 |    486 |   5300 |   5 | 1454.8 |
  Orcish Mines |   3282 |   3125 |    157 |    942 |   1493 |   2 | 1641.0 |
               +--------+--------+--------+--------+--------+-----+--------+

Top non-repeatable levels by time:
  Lair:5: 2246 daAuts
  Lair:3: 2154 daAuts
   Orc:2: 1837 daAuts
   Orc:1: 1445 daAuts
     D:7: 1324 daAuts
  Lair:4: 1199 daAuts
     D:9: 1170 daAuts
    D:11: 1083 daAuts
     D:8: 1027 daAuts
    D:10: 901 daAuts
     D:5: 886 daAuts
  Lair:2: 872 daAuts
     D:6: 813 daAuts
  Lair:1: 801 daAuts
     D:1: 783 daAuts
